 Dungeon Crawl Stone Soup version 0.30-a0-709-gcdc1b43e22 (webtiles) character file.

Game seed: 12105426510026491949

88 CrazyBamboolord the Insei (level 4, -3/28 HPs)
             Began as an Octopode Transmuter on Jan 22, 2023.
             Slain by Grinder (8 damage)
             ... while paralysed by Grinder
             ... on level 3 of the Dungeon.
             The game lasted 00:05:18 (2381 turns).

CrazyBamboolord the Insei (Octopode Transmuter)     Turns: 2381, Time: 00:05:18

Health: -3/28      AC:  2    Str:  9    XL:     4   Next: 54%
Magic:  5/7        EV:  5    Int: 17    God:
Gold:   148        SH:  0    Dex: 17    Spells: 2/8 levels left

rFire   . . .      SeeInvis .      - Unarmed
rCold   . . .      Faith    .    (shield currently unavailable)
rNeg    . . .      Spirit   .    (helmet currently unavailable)
rPois   x          Reflect  .    b - amulet of regeneration
rElec   .          Harm     .    (no ring)
rCorr   .          Rampage  .    (no ring)
Will    .....                    (no ring)
Stlth   ++                       (no ring)
HPRegen 1.04/turn                (no ring)
MPRegen 0.10/turn                (no ring)
                                 (no ring)
                                 (no ring)

@: paralysed, spider-form
A: venomous fangs, almost no armour, (amphibious), 8 rings, tiny, (camouflage
1), (gelatinous body 1), (nimble swimmer 1), (tentacles)
a: End Transformation


You were on level 3 of the Dungeon.
You were a venomous arachnid creature.
You visited 1 branch of the dungeon, and saw 3 of its levels.

You collected 148 gold pieces.

Inventory:

Jewellery
 b - an amulet of regeneration (around neck)
Scrolls
 c - a scroll of silence {unknown}
 f - a scroll of immolation {unknown}
 i - a scroll of magic mapping
 j - a scroll of enchant armour {unknown}
 m - a scroll of vulnerability {unknown}
 n - a scroll of fear {unknown}
Potions
 a - a potion of lignification
 d - a potion of flight
 e - a potion of resistance {unknown}
 g - 2 potions of cancellation
 h - 4 potions of might
 k - a potion of haste {unknown}
 l - 5 potions of attraction
 p - a potion of curing {unknown}


   Skills:
 * Level 1.5 Fighting
 * Level 2.2 Dodging
 + Level 1.2 Stealth
 * Level 3.7 Unarmed Combat
 * Level 2.6 Spellcasting
 * Level 2.4 Transmutations
 * Level 1.4 Poison Magic


You had 2 spell levels left.
You knew the following spells:

 Your Spells              Type           Power      Damage    Failure   Level
a - Beastly Appendage     Tmut           20%        N/A       19%         1
b - Wereblood             Tmut           10%        N/A       24%         2
c - Spider Form           Tmut/Pois      8%         N/A       45%         3

Your spell library contained the following spells:

 Spells                   Type           Power      Damage    Failure   Level
 Apportation              Tloc           4%         N/A       38%         1
 Scorch                   Fire           4%         2d5       50%         2
 Ice Form                 Ice/Tmut       6%         N/A       88%         4
 Flame Wave               Conj/Fire      2%         2d4       96%         4
 Alistair's Intoxication  Tmut/Pois      5%         N/A       98%         5
 Summon Cactus Giant      Summ           1%         N/A       100%        6


Dungeon Overview and Level Annotations

Branches:
Dungeon (3/15)

Altars:
Uskayaw

Shops:
D:1 [

Annotations:
D:3 Grinder


Innate Abilities, Weirdness & Mutations

You are a venomous arachnid creature.
You have venomous fangs.
You are tiny and dextrous.
Your spellcasting is less reliable in this form.
Your armour is entirely melded.
You are incapable of wielding weapons or throwing items.
You cannot wear most types of armour.
((You are amphibious.))
You can wear up to eight rings at the same time.
((Your skin changes colour to match your surroundings (Stealth+).))
((Your rubbery body absorbs attacks. (AC +1, EV +1)))
((You are camouflaged when in or above water. (Stealth+)))
((You have tentacles for arms and can constrict up to eight enemies at once.))


Message History

You kill the frilled lizard!
Okay, then.
As you read the scroll of identify, it crumbles to dust.
l - 5 potions of attraction
As you read the scroll of identify, it crumbles to dust.
d - a potion of flight
Casting: Beastly Appendage (safe; 7% risk of failure)
Confirm with . or Enter, or press ? or * to list all spells.
The spell is quite dangerous to miscast (24% risk of failure)!
Continue anyway?
Your tentacle spike disappears.
You turn into a venomous arachnid creature.
A worm comes into view.
Found a scroll labelled NOOFOETHAD.
Found a stone staircase leading up.
Grinder shouts!
Grinder blinks!
You hit Grinder.
Grinder is lightly wounded.
Grinder closely misses you.
An endoplasm comes into view.
The endoplasm quivers.
You hit Grinder.
Grinder is moderately wounded.
Grinder hits you.
You writhe in agony.
You barely miss Grinder.
Grinder is moderately wounded.
Grinder barely misses you.
You hit Grinder.
Grinder is moderately wounded.
Grinder closely misses you.
You hit Grinder.
Grinder is heavily wounded.
Grinder closely misses you.
You hit Grinder.
Grinder is heavily wounded.
Grinder gestures at you.
You suddenly lose the ability to move!
Grinder hits you!
You writhe in agony.
The worm bites you!
* * * LOW HITPOINT WARNING * * *
Grinder hits you!
You die...

#.........###.###
#................
#.........###.###
#................
#.........###.#..
#.........# #.#..
#.........# #.#..
####.........#
#.#..
#.ws#.########
#.#†. #.5J#.#
###.#.. <.......#
#.....#
.....######
#...... .....
#.....# ....
#..>..# ...
#.....# ?..
#...... #.....#


You could see Grinder, a worm and an endoplasm.

Vanquished Creatures
  2 adders
  A dart slug (D:1)
  5 ball pythons
  8 endoplasms
  8 giant cockroaches
  7 goblins
  5 hobgoblins
  6 jackals
  7 kobolds
  2 bats
  4 frilled lizards
  5 rats (D:2)
60 creatures vanquished.

Notes
Turn   | Place    | Note
-------+----------+-------------------------------------------
     0 | D:1      | CrazyBamboolord the Octopode Transmuter began the quest for
                  | the Orb.
     0 | D:1      | Reached XP level 1. HP: 13/13 MP: 3/3
    35 | D:1      | Reached XP level 2. HP: 18/18 MP: 3/5
   196 | D:1      | Found Qaivydgh's Antique Armour Shoppe.
   291 | D:1      | Found a faded altar of an unknown god.
   410 | D:1      | Reached XP level 3. HP: 16/23 MP: 4/6
   556 | D:1      | Reached skill level 1 in Poison Magic
   625 | D:1      | Learned a level 2 spell: Wereblood
   629 | D:1      | Learned a level 3 spell: Spider Form
  1104 | D:2      | Found a hide-covered altar of Uskayaw.
  1293 | D:2      | Reached XP level 4. HP: 23/28 MP: 5/7
  1385 | D:2      | Reached skill level 1 in Stealth
  2362 | D:3      | Noticed Grinder
  2379 | D:3      | Paralysed by Grinder for 2 turns
  2381 | D:3      | Slain by Grinder

Illustrated notes

Levels and vault maps discovered:
D:1:      lightli_arrival_boilingwater, layout_basic,
          ebering_ecumenical_altar_webs, serial_shops, nicolae_shop_crystal
D:2:      layout_loops_ring, basic_altar, serial_rivers,
          chequers_serial_rivers_marsh, chequers_serial_rivers_small_b,
          chequers_serial_rivers_small_a, chequers_serial_rivers_large_b
D:3:      layout_basic, uniq_grinder

Skill      XL: |  1  2  3  4 |
---------------+-------------+-----
Poison Magic   | 1 |  1.4
Stealth        | 1 |  1.2
Fighting       | |  1.5
Dodging        | |  2.2
Unarmed Combat | |  3.7
Spellcasting   | |  2.6
Transmutations | |  2.4

Action                     |  1- 3 |  4- 6 || total
---------------------------+-------+-------++-------
  Melee: Unarmed           |    80 |    49 ||   129
         Kick              |    27 |    10 ||    37
         Constrict         |    23 |     9 ||    32
         Tentacles         |    12 |     7 ||    19
         Punch             |     2 |       ||     2
   Cast: Beastly Appendage |    26 |    17 ||    43
         Wereblood         |     1 |       ||     1
         Spider Form       |       |     1 ||     1
    Use: Scroll            |       |     5 ||     5
   Stab: Sleeping          |    10 |     7 ||    17
 Armour: Skin              |     5 |     4 ||     9
  Dodge: Dodged            |    43 |    24 ||    67

Table legend: (Time is in decaauts)
 A = Elapsed time spent in this place.
 B = Non-inter-level travel time spent in this place.
 C = Inter-level travel time spent in this place.
 D = Time resting spent in this place.
 E = Time spent auto-exploring this place.
 F = Levels seen in this place.
 G = Mean time per level.
                   A        B        C        D        E       F      G
               +--------+--------+--------+--------+--------+-----+--------+
         Total |   2371 |   2299 |     72 |      0 |   1863 |   3 |  790.3 |
       Dungeon |   2371 |   2299 |     72 |      0 |   1863 |   3 |  790.3 |
               +--------+--------+--------+--------+--------+-----+--------+

Top non-repeatable levels by time:
     D:1: 961 daAuts
     D:2: 880 daAuts
     D:3: 530 daAuts
